 Dungeon Crawl Stone Soup version 0.29-a0-111-gbaf749a769 (webtiles) character file.

Game seed: 8162601994868686817

36 cyrus the Shield-Bearer (level 3, -2/19 HPs)
             Began as a Vine Stalker Fighter on Feb 17, 2022.
             Was an Initiate of Okawaru.
             Slain by an iron imp (4 damage)
             ... summoned by Natasha
             ... on level 2 of the Dungeon.
             The game lasted 00:04:22 (1617 turns).

cyrus the Shield-Bearer (Vine Stalker Fighter)      Turns: 1617, Time: 00:04:23

Health: -2/19      AC:  7    Str: 18    XL:     3   Next: 37%
Magic:  0/4        EV:  9    Int: 10    God:    Okawaru [......]
Gold:   135        SH:  4    Dex: 13    Spells: 2/2 levels left

rFire   + . .      SeeInvis .   i - +2 whip (vamp)
rCold   . . .      Faith    .   c - +0 buckler
rNeg    . . .      Spirit   +   j - +1 scale mail {rF+}
rPois   .          Reflect  .   (no helmet)
rElec   .          Harm     .   (no cloak)
rCorr   .          Rampage  .   (no gloves)
Will    .....                   (no boots)
Stlth   ..........              (no amulet)
HPRegen 0.06/turn               (no ring)
MPRegen 0.09/turn               (no ring)

@: no status effects
A: fangs 2, magic shield, antimagic bite, no potion heal 2
a: Renounce Religion


You were on level 2 of the Dungeon.
You worshipped Okawaru.
Okawaru was noncommittal.
You visited 1 branch of the dungeon, and saw 2 of its levels.

You collected 135 gold pieces.

Inventory:

Hand Weapons
 a - a +0 war axe
 i - a +2 vampiric whip (weapon)
Armour
 b - a +0 scale mail
 c - a +0 buckler (worn)
 j - a +1 scale mail of fire resistance (worn)
Scrolls
 e - 3 scrolls of teleportation {unknown}
 h - 4 scrolls of identify {unknown}
Potions
 d - a potion of might
 f - 2 potions of curing {unknown}
 g - a potion of cancellation {unknown}
 k - a potion of brilliance {unknown}


   Skills:
 + Level 2.8 Fighting
 + Level 2.1 Axes
 + Level 2.9 Armour
 + Level 3.2 Shields


You had 2 spell levels left.
You didn't know any spells.
Your spell library contained the following spells:

 Spells                   Type           Power      Damage    Failure   Level
 Apportation              Tloc           0%         N/A       85%         1
 Alistair's Intoxication  Tmut/Pois      0%         N/A       100%        5


Dungeon Overview and Level Annotations

Branches:
Dungeon (2/15)

Altars:
Okawaru

Annotations:
D:2 Natasha


Innate Abilities, Weirdness & Mutations

You have extremely sharp teeth.
When hurt, damage is shared between your health and your magic reserves.
Your bite disrupts and absorbs the magic of your enemies.
Potions cannot restore your health.


Message History

A goblin comes into view. It is wielding a +0 dagger.
The goblin shouts!
You see here 10 gold pieces.
A goblin is nearby!
A goblin is nearby!
You now have 135 gold pieces (gained 10).
You hit the goblin.
You kill the goblin!
Okawaru accepts your kill.
Things that are here:
a +0 dagger; a goblin corpse
Things that are here:
a +0 dagger; a goblin corpse Natasha, Servant of Life and Death comes into view.
Natasha hisses angrily.
Natasha is nearby!
Natasha claws you but does no damage.
Natasha wildly gestures.
You feel troubled. Natasha claws you but does no damage.
You closely miss Natasha. Your bite misses Natasha.
Natasha stares at you and mumbles some strange words.
The magic dart hits you!
Natasha casts a spell.
You hit Natasha.
Natasha is lightly wounded.
Natasha mumbles some strange words.
You hit Natasha. Your bite misses Natasha.
Natasha is moderately wounded.
You block the iron imp's attack. Natasha claws you.
You closely miss Natasha.
Natasha is moderately wounded.
The iron imp hits you!
* * * LOW HITPOINT WARNING * * *
Natasha barely misses you.
You barely miss Natasha. You bite Natasha.
Natasha's magic leaks into the air.
You drain her magic.
You feel invigorated.
Natasha is heavily wounded.
The iron imp hits you.
You die...

######### #####
#.....).# #5..
#.#####.###h####.##
#.##.......@5......
#.##.##.###.####.#.
#.#..##.# #.#
#.......# #..
###.##### #### #.#
######.## ####.###
#.......# #......#
#.......# #.##.#.#
#.......#


You could see an iron imp (summoned), Natasha (magic disrupted) and a shadow imp
(summoned).

Vanquished Creatures
  2 dart slugs
  4 endoplasms
  A giant cockroach (D:1)
  2 hobgoblins (D:1)
  2 jackals (D:2)
  A kobold (D:1)
  5 quokkas
  A ball python (D:1)
  3 bats
  A frilled lizard (D:2)
  5 goblins
  A rat (D:1)
28 creatures vanquished.

Notes
Turn   | Place    | Note
-------+----------+-------------------------------------------
     0 | D:1      | cyrus the Vine Stalker Fighter began the quest for the Orb.
     0 | D:1      | Reached XP level 1. HP: 11/11 MP: 2/2
   196 | D:1      | Reached XP level 2. HP: 14/16 MP: 3/3
   412 | D:1      | Reached skill level 3 in Shields
   816 | D:1      | Reached XP level 3. HP: 18/19 MP: 2/4
  1271 | D:2      | Found an iron altar of Okawaru.
  1285 | D:2      | Became a worshipper of Warmaster Okawaru
  1610 | D:2      | Noticed Natasha
  1617 | D:2      | Slain by an iron imp

Illustrated notes

Levels and vault maps discovered:
D:1:      dpeg_arrival_tiny_k, layout_loops_corners
D:2:      layout_loops_cross, basic_altar, uniq_natasha

Skill      XL: |  1  2  3 |
---------------+----------+-----
Shields        | 3 |  3.2
Axes           | 2 |  2.1
Fighting       | |  2.8
Armour         | |  2.9

Action                   || total
-------------------------++-------
Melee: War axe           ||    45
       Bite              ||    16
       Whip              ||    26
Armor: Scale mail        ||    35
Dodge: Dodged            ||    32
Block: Buckler           ||    15

Table legend: (Time is in decaauts)
 A = Elapsed time spent in this place.
 B = Non-inter-level travel time spent in this place.
 C = Inter-level travel time spent in this place.
 D = Time resting spent in this place.
 E = Time spent auto-exploring this place.
 F = Levels seen in this place.
 G = Mean time per level.
                   A        B        C        D        E       F      G
               +--------+--------+--------+--------+--------+-----+--------+
         Total |   1638 |   1619 |     19 |    111 |   1179 |   2 |  819.0 |
       Dungeon |   1638 |   1619 |     19 |    111 |   1179 |   2 |  819.0 |
               +--------+--------+--------+--------+--------+-----+--------+

Top non-repeatable levels by time:
     D:1: 1049 daAuts
     D:2: 588 daAuts
